AoeStats
← Red Calypso

African Clearing

506536830Analyzed
4v4 RM · 19d ago on Sep 13, 2026· 28m 1s· 8 players
Game mode
Random Map
Map size
Large (8 player)
Population
200
Speed
Normal
Resources
Standard
Victory
Conquest
Starting age
Dark Age
Ending age
Imperial Age
RankedLock teamsTeams togetherTeam positionsShared explorationLock speedFull tech treeHidden civsTurbo modeCheats
Victory
Defeat
🇦🇹 Vietnamese · Austria
1464
+14
🇺🇸 Poles · United States
1447
+15
🇺🇸 Khmer · United States
1427
+16
🇺🇸 Bohemians · United States
1368
+18
1429
-16
🇦🇷 Spanish · Argentina
1424
-16
🇬🇧 Berbers · United Kingdom
1421
-16
🇦🇷 Huns · Argentina
1396
-15
AiM | CaballeroTemplario
11:42 Loom
14:08 Feudal Age
16:02 Double-Bit Axe
21:06 Fletching
21:16 Padded Archer Armor
22:43 Horse Collar
28:15 Castle Age
26:50 Gold Mining
Karles
12:09 Loom
14:18 Feudal Age
21:11 Fletching
23:46 Wheelbarrow
25:13 Horse Collar
jeffarin_bobzos
6:48 Loom
13:25 Feudal Age
14:58 Town Watch
18:04 Castle Age
16:06 Stone Mining
16:04 Double-Bit Axe
16:17 Fletching
17:12 Gold Mining
18:59 Bow Saw
22:32 Bodkin Arrow
25:55 Wheelbarrow
25:49 Bloodlines
26:20 Horse Collar
MuyFloji
12:54 Feudal Age
18:29 Castle Age
16:25 Double-Bit Axe
18:12 Loom
19:37 Bow Saw
19:45 Horse Collar
Ice2207
9:04 Loom
11:21 Feudal Age
12:08 Double-Bit Axe
21:22 Fletching
22:12 Padded Archer Armor
28:48 Castle Age
27:57 Horse Collar
slytiger4815
11:42 Loom
14:14 Feudal Age
19:12 Castle Age
17:30 Double-Bit Axe
20:00 Wheelbarrow
Red Calypso
6:20 Loom
13:34 Feudal Age
18:09 Castle Age
17:20 Double-Bit Axe
18:42 Bloodlines
19:10 Fletching
23:08 Ballistics
23:27 Husbandry
23:59 Bodkin Arrow
24:37 Padded Archer Armor
27:07 Bow Saw
27:55 Wheelbarrow
27:50 Leather Archer Armor
R00FT0P CG
3:42 Loom
13:38 Feudal Age
17:55 Castle Age
16:21 Double-Bit Axe
17:39 Town Watch
18:30 Fletching
19:52 Bodkin Arrow
Connection lost

Rejoining the realm…

Still unreachable

The connection could not be restored.

Session expired

The server has moved on; the page needs a fresh start.